 Dungeon Crawl Stone Soup version 0.30.0-29-ga12c61a403 (webtiles) character file.

Game seed: 15888305756840146771

8 ChadusMaximus the Caller (level 2, -1/19 HPs)
             Began as a Barachi Summoner on June 24, 2023.
             Slain by a hobgoblin (3 damage)
             ... on level 1 of the Dungeon.
             The game lasted 00:00:32 (182 turns).

ChadusMaximus the Caller (Barachi Summoner)          Turns: 182, Time: 00:00:33

Health: -1/19      AC:  2    Str:  9    XL:     2   Next: 8%
Magic:  0/5        EV: 12    Int: 15    God:
Gold:   25         SH:  0    Dex: 12    Spells: 4/5 levels left

rFire   . . .        (no weapon)
rCold   . . .        (no shield)
rNeg    . . .        a - +0 robe
rPois   .            (no helmet)
rElec   .            (no cloak)
rCorr   .            (no gloves)
SInv    .            (no boots)
Will    .....        (no amulet)
Stlth   ++           (no ring)
HPRegen 0.23/turn    (no ring)
MPRegen 0.09/turn

%: no passive effects
@: unable to hop, slow
A: amphibious, slowness 1, strong legs 1, +LOS
a: Hop


You were on level 1 of the Dungeon.
You visited 1 branch of the dungeon, and saw 1 of its levels.

You collected 25 gold pieces.

Inventory:

Armour
 a - a +0 robe (worn)
Potions
 b - a potion of magic


   Skills:
 - Level 2.1 Dodging
 - Level 1.7 Stealth
 + Level 2.4 Spellcasting
 * Level 5.2 Summonings


You had 4 spell levels left.
You knew the following spells:

 Your Spells              Type           Power      Damage    Failure   Level
a - Summon Small Mammal   Summ           68%        N/A       2%          1

Your spell library contained the following spells:

 Spells                   Type           Power      Damage    Failure   Level
 Call Imp                 Summ           34%        N/A       3%          2
 Call Canine Familiar     Summ           17%        N/A       8%          3
 Summon Guardian Golem    Hex/Summ       9%         N/A       22%         3
 Summon Lightning Spire   Summ/Air       9%         N/A       58%         4
 Summon Forest            Summ/Tloc      4%         N/A       90%         5
 Summon Mana Viper        Hex/Summ       9%         N/A       90%         5
 Summon Cactus Giant      Summ           8%         N/A       98%         6


Dungeon Overview and Level Annotations

Branches:
Dungeon (1/15)

Altars:


Innate Abilities, Weirdness & Mutations

You are amphibious.
You cover ground slowly.
You can hop short distances.
You have an extended range of vision and can be seen from far away.


Message History

Confirm with . or Enter, or press ? or * to list all spells.
Your quokka barely misses the jackal.
The jackal bites your quokka. The jackal barely misses your quokka.
Your quokka bites the jackal.
The jackal dies!
The hobgoblin misses you.
Unknown command.
You hit the hobgoblin.
The hobgoblin is heavily wounded.
Your quokka barely misses the hobgoblin.
The hobgoblin barely misses you.
You swap places.
Your quokka barely misses the hobgoblin.
The hobgoblin misses your rat.
Your rat bites the hobgoblin.
The hobgoblin misses your quokka.
Unknown command.
Your quokka barely misses the hobgoblin.
The hobgoblin hits your rat.
Your rat dies!
Your rat's corpse disappears in a puff of smoke!
The hobgoblin hits your quokka.
Your quokka dies!
Your quokka's corpse disappears in a puff of smoke!
Casting: Summon Small Mammal (safe; 2% risk of failure)
Confirm with . or Enter, or press ? or * to list all spells.
The hobgoblin hits you.
* * * LOW HITPOINT WARNING * * *
Unknown command.
Okay, then.
Your quokka closely misses the hobgoblin.
You barely miss the hobgoblin. Your punch misses the hobgoblin.
The hobgoblin is almost dead.
The hobgoblin barely misses you. The hobgoblin attacks as you move away!
The hobgoblin completely misses you.
Your quokka barely misses the hobgoblin.
Your quokka bites the hobgoblin.
The hobgoblin closely misses you.
You closely miss the hobgoblin.
The hobgoblin is almost dead.
Your quokka bites the hobgoblin but does no damage.
The hobgoblin hits you.
You die...

#.........#######
#.....[...#
###........#######
#.................
#.#######.####### ...#
#.## .###.###.# #..##
.........# #...# #@#
#..## #g# #.## #.
#.######g#######.# ...
##......r.........#
#.......###.....###.###
....###.###.#...###.#
..$........#.....#.#
#.........##..#.#.#
#.........##..#.#.#


You could see 2 hobgoblins and a friendly quokka (summoned).

Vanquished Creatures (collateral kills)
  2 endoplasms (D:1)
  A hobgoblin (D:1)
  2 jackals (D:1)
  A ball python (D:1)
  A rat (D:1)
7 creatures vanquished.

Notes
Turn   | Place    | Note
-------+----------+-------------------------------------------
     0 | D:1      | ChadusMaximus the Barachi Summoner began the quest for the
                  | Orb.
     0 | D:1      | Reached XP level 1. HP: 13/13 MP: 3/3
    67 | D:1      | Reached skill level 5 in Summonings
   164 | D:1      | Reached XP level 2. HP: 6/19 MP: 1/5
   182 | D:1      | Slain by a hobgoblin

Illustrated notes

Levels and vault maps discovered:
D:1:      psy_arrival_heroes, layout_loops_cross,
          ebering_ecumenical_altar_abandoned

Skill      XL: |  1 |
---------------+----+-----
Summonings     | 5 |  5.2
Dodging        | |  2.1
Stealth        | |  1.7
Spellcasting   | |  2.4

Action                     || total
---------------------------++-------
  Melee: Unarmed           ||    14
   Cast: Summon Small Mamm ||     9
Ability: Hop               ||     1
   Stab: Distracted        ||     1
 Armour: Robe              ||     3
  Dodge: Dodged            ||    11
